 Dungeon Sprint DCSS version 0.31-a0-187-gba352fbbf7 (webtiles) character file.

Game seed: 12430999770669609694

0 rocky1 the Shooter (level 1, 0/18 HPs)
             Began as a Minotaur Hunter on June 23, 2023.
             Killed by nerve-wracking pain
             ... invoked by Jessica
              (13 damage)
             ... in the Dungeon (Sprint VI: "Thunderdome").
             The game lasted 00:01:27 (126 turns).

rocky1 the Shooter (Minotaur Hunter)                 Turns: 126, Time: 00:01:27

Health: 0/18       AC:  3    Str: 15    XL:     1   Next: 33%
Magic:  0/0        EV: 12    Int:  6    God:
Gold:   200        SH:  0    Dex: 13    Spells: 0/0 levels left

rFire   . . .        a - +0 shortbow
rCold   . . .        (shield currently unavailable)
rNeg    . . .        c - +0 leather armour
rPois   .            (helmet restricted)
rElec   .            (no cloak)
rCorr   .            (no gloves)
SInv    .            (no boots)
Will    .....        (no amulet)
Stlth   +            (no ring)
HPRegen 0.23/turn    (no ring)
MPRegen 0.07/turn

%: no teleportation
@: no status effects
A: horns 2, retaliatory headbutt
a: no special abilities


You were in the Dungeon.
You visited 1 branch You collected 200 gold pieces.

Inventory:

Hand Weapons
 a - a +0 shortbow (weapon)
Armour
 c - a +0 leather armour (worn)
Wands
 k - a wand of acid (2)
 l - a wand of roots (4)
Scrolls
 b - a scroll of butterflies
 i - 4 scrolls of blinking
 m - 3 scrolls of fog
Potions
 d - a potion of curing
 e - 3 potions of heal wounds
 f - 4 potions of haste
 g - 2 potions of magic
 h - a potion of berserk rage
 j - 2 potions of resistance


   Skills:
 + Level 2.6 Fighting
 + Level 5.2 Ranged Weapons
 + Level 2.3 Dodging
 + Level 0.7 Stealth


You couldn't memorise any spells.
You didn't know any spells.
Your spell library was empty.

Dungeon Overview and Level Annotations

Branches:
Dungeon (1/1)

Altars:
Cheibriados
Dithmenos
Fedhas
Gozag
Kikubaaqudgha
Makhleb
Okawaru
Qazlal
Ru
Sif Muna
Trog
Uskayaw
Vehumet
Wu Jian
Xom
Yredelemnul
Zin
The Shining One
Lugonu

Shops:
D *[??*?*:[((!!!!

Annotations:
D Jessica, Sigmund


Innate Abilities, Weirdness & Mutations

You have a pair of horns on your head.
You reflexively headbutt those who attack you in melee.


Message History

Press: ? - help, Shift-Dir - straight line, f/p - Sigmund
Aim: Sigmund, wielding a +0 scythe and wearing a +0 robe (68% to hit)
The bolt of acid hits Sigmund!
The acid corrodes Sigmund!
Sigmund is moderately wounded.
Sigmund closely misses you. Jessica gestures at you while chanting.
Pain shoots through your body!
Unknown command.
Aiming: Corrosive Bolt
Press: ? - help, Shift-Dir - straight line, f - Jessica, p - Sigmund
Aim: Jessica, wielding a +0 club and wearing a +2 robe of cold resistance (fast, 71% to hit)
Okay, then.
Jessica gestures wildly while chanting.
Jessica blinks!
Sigmund asks, "Do you like me?"
Jessica casts a spell.
Jessica blinks!
There is a sacrificial altar of Ru here.
Sigmund points at you and mumbles some strange words.
The magic dart hits you!
* * * LOW HITPOINT WARNING * * *
You feel much better.
Unknown command.
Jessica hits you with a +0 club.
Unknown command.
Aiming: Corrosive Bolt
Press: ? - help, Shift-Dir - straight line, f/p - Sigmund
Aim: Sigmund, wielding a +0 scythe and wearing a +0 robe (moderately wounded, covered in acid, 68% to hit)
The bolt of acid misses Sigmund.
Jessica closely misses you.
Unknown command.
Aiming: Fastroot
Press: ? - help, Shift-Dir - straight line, p - Sigmund The roots erupt in riotous growth!
Roots grab Sigmund.
Roots grab Jessica.
The grasping roots constrict Sigmund.
The grasping roots constrict Jessica.
Jessica grins evilly.
Jessica points at you and mumbles some strange words.
Pain shoots through your body!
Ouch! That really hurt!
You die...

#_........#
#.........###
...........⌠#
8.........8.######
....###......__.∩##
..8.# #.8........∩###
....###.......@.....##
.###...###..........⌠#
.# #.<.# #.....@@...⌠#
.###...###..........⌠#
....###.............##
..8.# #.8........∩###
....###......___∩##
8.........8.######
...........⌠#
#.........###
#_......._#


You could see Sigmund (corroded, rooted) and Jessica (fast, rooted).

Vanquished Creatures
  An endoplasm (D)
  A hobgoblin (D)
2 creatures vanquished.

Notes
Turn   | Place    | Note
-------+----------+-------------------------------------------
     0 | D        | rocky1 the Minotaur Hunter began the quest for the Orb.
     0 | D        | Reached XP level 1. HP: 18/18 MP: 0/0
     3 | D        | Found a sacrificial altar of Ru.
     4 | D        | Found a hide-covered altar of Uskayaw.
     4 | D        | Found a basalt altar of Yredelemnul.
     5 | D        | Found an ancient bone altar of Kikubaaqudgha.
     5 | D        | Found a shimmering altar of Xom.
     5 | D        | Round 1.
     6 | D        | Found an iron altar of Okawaru.
     6 | D        | Found a bloodstained altar of Trog.
     6 | D        | Found Raomeqek's Staff Store.
     6 | D        | Found Bepel's Magic Scroll Shop.
     7 | D        | Found Roytal's Must-Have Magic.
     7 | D        | Found Luog's Magic Scroll Shop.
    10 | D        | Found a shimmering blue altar of Sif Muna.
    11 | D        | Found a stormy altar of Qazlal.
    12 | D        | Found a radiant altar of Vehumet.
    15 | D        | Found Otyth's Identification Station.
    16 | D        | Found Voesuy's Jewellery.
    16 | D        | Found Wiyqasch's Advanced Armour.
    21 | D        | Found a shadowy altar of Dithmenos.
    22 | D        | Found a glowing silver altar of Zin.
    23 | D        | Found a snail-covered altar of Cheibriados.
    25 | D        | Found Jusuc's Premium Goods.
    27 | D        | Found Dava's Miscellaneous Merchandise.
    27 | D        | Found Naesuni's Basic Armour.
    28 | D        | Found an ornate altar of the Wu Jian Council.
    28 | D        | Found a glowing golden altar of the Shining One.
    28 | D        | Found a blossoming altar of Fedhas.
    28 | D        | Found Pacanoin's Weapon Rack.
    34 | D        | Found a corrupted altar of Lugonu.
    35 | D        | Found an opulent altar of Gozag.
    37 | D        | Found a burning altar of Makhleb.
    43 | D        | Found Miutofuf's Do-It-Yourself Clinic.
    45 | D        | Found Nogg's Bottled Wisdom.
    45 | D        | Found Yleyr's Distillery.
    47 | D        | Found Guriegh's Distillery.
    56 | D        | Reached skill level 5 in Ranged Weapons
   112 | D        | Noticed Sigmund
   113 | D        | Noticed Jessica
   126 | D        | Killed from afar by Jessica

Illustrated notes

Levels and vault maps discovered:
D:        arena_sprint

Skill      XL: |  1 |
---------------+----+-----
Ranged Weapons | 5 |  5.2
Fighting       | |  2.6
Dodging        | |  2.3
Stealth        | |  0.7

Action                     || total
---------------------------++-------
   Fire: Shortbow          ||     7
  Evoke: Wand              ||     4
    Use: Potion            ||     1
  Dodge: Dodged            ||     2

Table legend: (Time is in decaauts)
 A = Elapsed time spent in this place.
 B = Non-inter-level travel time spent in this place.
 C = Inter-level travel time spent in this place.
 D = Time resting spent in this place.
 E = Time spent auto-exploring this place.
 F = Levels seen in this place.
 G = Mean time per level.
                   A        B        C        D        E       F      G
               +--------+--------+--------+--------+--------+-----+--------+
         Total |    127 |    127 |      0 |      0 |      0 |   1 |  127.0 |
       Dungeon |    127 |    127 |      0 |      0 |      0 |   1 |  127.0 |
               +--------+--------+--------+--------+--------+-----+--------+

Top non-repeatable levels by time:
       D: 127 daAuts
